EVO
WICHITA STATE UNIVERSITY SHOCKERS @ UNIVERSITY OF MICHIGAN WOLVERINES
10/18/2045
 
TOP OF THE 1ST
Wichita State University Shockers batting - Pitching for University of Michigan Wolverines : LHP Jon Lawson
Pitching: LHP Jon Lawson
Batting: SHB Nadhir Umayr 0-0: Called Strike
0-1: Ball
1-1: Foul Ball, location: 2F
1-2: Fly out, F2 (Popup, 2LF, EV 97.5 MPH)
Batting: LHB Bill Girton 0-0: Foul Ball, location: 2F
0-1: Called Strike
0-2: Strikes out swinging
Batting: LHB Dong-u Chang 0-0: Called Strike
0-1: SINGLE (Groundball, 56D, EV 98.1 MPH)
Batting: RHB Israel Quinteros 0-0: Ball
1-0: Foul Ball, location: 2F
1-1: Called Strike
1-2: Strikes out swinging
Top of the 1st over - 0 runs, 1 hit, 0 errors, 1 left on base; Wichita State University 0 - University of Michigan 0
BOTTOM OF THE 1ST
University of Michigan Wolverines batting - Pitching for Wichita State University Shockers : RHP Justin Williams
Pitching: RHP Justin Williams
Batting: LHB Dave Carlisle 0-0: Fly out, F9 (Flyball, 9, EV 83.8 MPH)
Batting: LHB Afanasy Zasekin 0-0: Ball
1-0: Foul Ball, location: 2F
1-1: Swinging Strike
1-2: Strikes out looking
Batting: RHB Ricky Yerzy 0-0: Ball
1-0: Ground out 2-3 (Groundball, 13S, EV 70.6 MPH)
Bottom of the 1st over - 0 runs, 0 hits, 0 errors, 0 left on base; Wichita State University 0 - University of Michigan 0
TOP OF THE 2ND
Wichita State University Shockers batting - Pitching for University of Michigan Wolverines : LHP Jon Lawson
Batting: SHB Isaiah Bias 0-0: Called Strike
0-1: Ball
1-1: Called Strike
1-2: Ball
2-2: Strikes out looking
Batting: SHB Ed Mosqueda 0-0: Ball
1-0: Ball
2-0: Fly out, F8 (Flyball, 89D, EV 103.8 MPH)
Batting: RHB Rafael Irizarry 0-0: Ball
1-0: Foul Ball, location: 2F
1-1: Called Strike
1-2: Foul Ball, location: 2F
1-2: Fly out, F8 (Flyball, 89D, EV 104.4 MPH)
Top of the 2nd over - 0 runs, 0 hits, 0 errors, 0 left on base; Wichita State University 0 - University of Michigan 0
BOTTOM OF THE 2ND
University of Michigan Wolverines batting - Pitching for Wichita State University Shockers : RHP Justin Williams
Batting: RHB Kiichi Matsumoto 0-0: Ground out 5-3 (Groundball, 5L, EV 90.6 MPH)
Batting: RHB Xiao-shuang Au 0-0: Called Strike
0-1: Ball
1-1: SINGLE (Groundball, 6MD, EV 102.5 MPH)
Batting: LHB Ken Morehead 0-0: Foul Ball, location: 2F
0-1: Ball
1-1: Ball
2-1: Foul Ball, location: 2F
2-2: Fly out, F7 (Flyball, 78S, EV 80.6 MPH)
Batting: RHB Bryan Payne 0-0: Called Strike
0-1: Foul Ball, location: 2F
0-2: Foul Ball, location: 2F
0-2: Ball
1-2: Ball
2-2: Foul Ball, location: 2F
2-2: Ball
3-2: Fly out, F8 (Flyball, 8LD, EV 80.6 MPH)
Bottom of the 2nd over - 0 runs, 1 hit, 0 errors, 1 left on base; Wichita State University 0 - University of Michigan 0
TOP OF THE 3RD
Wichita State University Shockers batting - Pitching for University of Michigan Wolverines : LHP Jon Lawson
Batting: RHB Ziven Badersky 0-0: Ground out 5-3 (Groundball, 56, EV 103.8 MPH)
Batting: SHB Alex Noval 0-0: Ball
1-0: Called Strike
1-1: Fly out, F7 (Flyball, 78D, EV 100.0 MPH)
Batting: SHB Nadhir Umayr 0-0: Ground out 4-3 (Groundball, 4, EV 100.6 MPH)
Top of the 3rd over - 0 runs, 0 hits, 0 errors, 0 left on base; Wichita State University 0 - University of Michigan 0
BOTTOM OF THE 3RD
University of Michigan Wolverines batting - Pitching for Wichita State University Shockers : RHP Justin Williams
Batting: RHB Bryan Castor 0-0: Ball
1-0: Ball
2-0: Ball
3-0: Called Strike
3-1: Called Strike
3-2: Ground out U3 (Groundball, 3, EV 81.2 MPH)
Batting: RHB Kazuki Arai 0-0: Ball
1-0: Fly out, F7 (Flyball, 7, EV 86.2 MPH)
Pitching: RHP Wei-qiang Zhuo
Batting: LHB Dave Carlisle 0-0: DOUBLE (Line Drive, 5D, EV 108.8 MPH)
Batting: LHB Afanasy Zasekin 0-0: Swinging Strike
0-1: Ball
1-1: Foul Ball, location: 2F
1-2: Fly out, F7 (Flyball, 78XD, EV 83.1 MPH)
Bottom of the 3rd over - 0 runs, 1 hit, 0 errors, 1 left on base; Wichita State University 0 - University of Michigan 0
TOP OF THE 4TH
Wichita State University Shockers batting - Pitching for University of Michigan Wolverines : LHP Jon Lawson
Batting: LHB Bill Girton 0-0: Called Strike
0-1: Foul Ball, location: 2F
0-2: Ground out U3 (Groundball, 34, EV 83.8 MPH)
Batting: LHB Dong-u Chang 0-0: Called Strike
0-1: Ground out 2-3 (Groundball, 15S, EV 73.8 MPH)
Batting: RHB Israel Quinteros 0-0: Ball
1-0: Ball
2-0: Foul Ball, location: 2F
2-1: Foul Ball, location: 2F
2-2: Fly out, F7 (Flyball, 7LD, EV 99.4 MPH)
Top of the 4th over - 0 runs, 0 hits, 0 errors, 0 left on base; Wichita State University 0 - University of Michigan 0
BOTTOM OF THE 4TH
University of Michigan Wolverines batting - Pitching for Wichita State University Shockers : RHP Wei-qiang Zhuo
Batting: RHB Ricky Yerzy 0-0: Called Strike
0-1: Foul Ball, location: 2F
0-2: Ground out 4-3 (Groundball, 4S, EV 89.4 MPH)
Batting: RHB Kiichi Matsumoto 0-0: Ball
1-0: Foul Ball, location: 2F
1-1: Called Strike
1-2: Strikes out swinging
Batting: RHB Xiao-shuang Au 0-0: Called Strike
0-1: Ball
1-1: Fly out, F7 (Flyball, 78M, EV 86.9 MPH)
Bottom of the 4th over - 0 runs, 0 hits, 0 errors, 0 left on base; Wichita State University 0 - University of Michigan 0
TOP OF THE 5TH
Wichita State University Shockers batting - Pitching for University of Michigan Wolverines : LHP Jon Lawson
Batting: SHB Isaiah Bias 0-0: Swinging Strike
0-1: Ball
1-1: Called Strike
1-2: Strikes out swinging
Batting: SHB Ed Mosqueda 0-0: Called Strike
0-1: Called Strike
0-2: Ball
1-2: Strikes out swinging, 2-3 out at first.
Batting: RHB Rafael Irizarry 0-0: Ball
1-0: Swinging Strike
1-1: Ball
2-1: SINGLE (Groundball, 56D, EV 101.9 MPH)
Batting: RHB Ziven Badersky 0-0: Fly out, F8 (Flyball, 8LD, EV 97.5 MPH)
Top of the 5th over - 0 runs, 1 hit, 0 errors, 1 left on base; Wichita State University 0 - University of Michigan 0
BOTTOM OF THE 5TH
University of Michigan Wolverines batting - Pitching for Wichita State University Shockers : RHP Wei-qiang Zhuo
Batting: LHB Ken Morehead 0-0: SOLO HOME RUN (Line Drive, 89XD, EV 115.0 MPH), Distance : 431 ft
Batting: RHB Bryan Payne 0-0: Ball
1-0: Foul Ball, location: 2F
1-1: Foul Ball, location: 2F
1-2: Ball
2-2: Strikes out swinging
Pitching: RHP Domingo Maldonado
Batting: RHB Bryan Castor 0-0: Called Strike
0-1: Ball
1-1: Swinging Strike
1-2: Ball
2-2: Ball
3-2: Foul Ball, location: 2F
3-2: Strikes out swinging
Batting: RHB Kazuki Arai 0-0: Ball
1-0: Foul Ball, location: 2F
1-1: Foul Ball, location: 2F
1-2: Fly out, F7 (Flyball, 7D, EV 99.4 MPH)
Bottom of the 5th over - 1 run, 1 hit, 0 errors, 0 left on base; Wichita State University 0 - University of Michigan 1
TOP OF THE 6TH
Wichita State University Shockers batting - Pitching for University of Michigan Wolverines : LHP Jon Lawson
Batting: SHB Alex Noval 0-0: Ball
1-0: Ground out 5-3 (Groundball, 56, EV 81.2 MPH)
Batting: SHB Nadhir Umayr 0-0: Called Strike
0-1: Ball
1-1: Ball
2-1: Foul Ball, location: 2F
2-2: Strikes out swinging
Batting: LHB Bill Girton 0-0: Called Strike
0-1: Ball
1-1: Called Strike
1-2: Foul Ball, location: 2F
1-2: Ball
2-2: Ball
3-2: Fly out, F6 (Popup, 6MD, EV 43.8 MPH)
Top of the 6th over - 0 runs, 0 hits, 0 errors, 0 left on base; Wichita State University 0 - University of Michigan 1
BOTTOM OF THE 6TH
University of Michigan Wolverines batting - Pitching for Wichita State University Shockers : RHP Domingo Maldonado
Batting: LHB Dave Carlisle 0-0: Swinging Strike
0-1: Foul Ball, location: 2F
0-2: Ball
1-2: SOLO HOME RUN (Flyball, 9D, EV 97.5 MPH), Distance : 381 ft
Batting: LHB Afanasy Zasekin 0-0: Ball
1-0: Called Strike
1-1: Foul Ball, location: 2F
1-2: Strikes out swinging
Batting: RHB Ricky Yerzy 0-0: Called Strike
0-1: Ground out 5-3 (Groundball, 56S, EV 69.4 MPH)
Batting: RHB Kiichi Matsumoto 0-0: Foul Ball, location: 2F
0-1: SOLO HOME RUN (Flyball, 89XD, EV 106.9 MPH), Distance : 424 ft
Batting: RHB Xiao-shuang Au 0-0: Swinging Strike
0-1: Foul Ball, location: 2F
0-2: Foul Ball, location: 2F
0-2: Foul Ball, location: 2F
0-2: Foul Ball, location: 2F
0-2: Ball
1-2: Fly out, F9 (Flyball, 9, EV 80.6 MPH)
Bottom of the 6th over - 2 runs, 2 hits, 0 errors, 0 left on base; Wichita State University 0 - University of Michigan 3
TOP OF THE 7TH
Wichita State University Shockers batting - Pitching for University of Michigan Wolverines : LHP Jon Lawson
Batting: LHB Dong-u Chang 0-0: Ball
1-0: Swinging Strike
1-1: Ground out 6-3 (Groundball, 6M, EV 86.2 MPH)
Batting: RHB Israel Quinteros 0-0: Called Strike
0-1: Ball
1-1: Foul Ball, location: 2F
1-2: Fly out, F9 (Flyball, 89D, EV 98.8 MPH)
Batting: SHB Isaiah Bias 0-0: Swinging Strike
0-1: Swinging Strike
0-2: Foul Ball, location: 2F
0-2: SOLO HOME RUN (Flyball, 7LD, EV 95.6 MPH), Distance : 350 ft
Batting: SHB Ed Mosqueda 0-0: Ball
1-0: Ball
2-0: Ball
3-0: Base on Balls
Batting: RHB Alex Rosaly 0-0: SINGLE (Groundball, 56, EV 98.1 MPH)
Ed Mosqueda to second
Batting: RHB Ziven Badersky 0-0: Fielders Choice at 2nd, 6-4 (Groundball, 6, EV 107.5 MPH)
Top of the 7th over - 1 run, 2 hits, 0 errors, 2 left on base; Wichita State University 1 - University of Michigan 3
BOTTOM OF THE 7TH
University of Michigan Wolverines batting - Pitching for Wichita State University Shockers : RHP Domingo Maldonado
Pitching: RHP Jerry Yusko
Batting: LHB Ken Morehead 0-0: Foul Ball, location: 2F
0-1: Ball
1-1: Foul Ball, location: 2F
1-2: Foul Ball, location: 2F
1-2: Ball
2-2: TRIPLE (Line Drive, 89XD, EV 105.6 MPH)
Batting: RHB Bryan Payne 0-0: Ball
1-0: Ball
2-0: Ground out U3 (Groundball, 3L, EV 88.1 MPH)
Batting: RHB Bryan Castor 0-0: Swinging Strike
0-1: Ball
1-1: Ball
2-1: Called Strike
2-2: Fly out, F8 (Flyball, 8RS, EV 81.2 MPH)
Batting: RHB Kazuki Arai 0-0: Ball
1-0: Ball
2-0: Ball
3-0: Called Strike
3-1: Called Strike
3-2: Fly out, F2 (Popup, 23F, EV 83.8 MPH)
Bottom of the 7th over - 0 runs, 1 hit, 0 errors, 1 left on base; Wichita State University 1 - University of Michigan 3
TOP OF THE 8TH
Wichita State University Shockers batting - Pitching for University of Michigan Wolverines : LHP Jon Lawson
Batting: SHB Alex Noval 0-0: Ball
1-0: Called Strike
1-1: Ball
2-1: Foul Ball, location: 2F
2-2: Ball
3-2: Base on Balls
Batting: SHB Nadhir Umayr 0-0: Ball
1-0: Ball
2-0: Foul Ball, location: 2F
2-1: Called Strike
2-2: Ball
3-2: Foul Ball, location: 2F
3-2: Base on Balls
Alex Noval to second
Pinch Hitting: RHB Daniel Pena 0-0: Called Strike
0-1: Ball
1-1: Bunted foul
1-2: Ball
2-2: Fly out, F5 (Popup, 5SF, EV 39.4 MPH)
Batting: LHB Dong-u Chang 0-0: Ball
1-0: Foul Ball, location: 2F
1-1: Ball
2-1: Foul Ball, location: 2F
2-2: Fly out, F7 (Line Drive, 7D, EV 88.1 MPH)
Pitching: RHP Befikadu Mthuthuzeli
Batting: RHB Israel Quinteros 0-0: Ball
1-0: Ball
2-0: Ball
Wild Pitch!
Alex Noval to third
Nadhir Umayr to second
3-0: Called Strike
3-1: DOUBLE (Groundball, 5L, EV 105.0 MPH)
Alex Noval scores
Nadhir Umayr scores
Batting: SHB Isaiah Bias 0-0: Foul Ball, location: 2F
0-1: Ground out 3-1 (Groundball, 34, EV 100.6 MPH)
Top of the 8th over - 2 runs, 1 hit, 0 errors, 1 left on base; Wichita State University 3 - University of Michigan 3
BOTTOM OF THE 8TH
University of Michigan Wolverines batting - Pitching for Wichita State University Shockers : RHP Jerry Yusko
Pitching: RHP Brandon Isabell
Now in LF: Daniel Pena
Batting: LHB Dave Carlisle 0-0: Ball
1-0: Ball
2-0: Called Strike
2-1: Called Strike
2-2: Ball
3-2: Strikes out swinging
Batting: LHB Afanasy Zasekin 0-0: Called Strike
0-1: Ball
1-1: Foul Ball, location: 2F
1-2: Foul Ball, location: 2F
1-2: Strikes out looking
Batting: RHB Ricky Yerzy 0-0: Called Strike
0-1: Ball
1-1: Ball
2-1: Ball
3-1: Foul Ball, location: 2F
3-2: Foul Ball, location: 2F
3-2: Base on Balls
Pinch Hitting: SHB Corey Penson 0-0: Ball
Ricky Yerzy steals 2nd base
1-0: Swinging Strike
1-1: Swinging Strike
1-2: Strikes out swinging
Bottom of the 8th over - 0 runs, 0 hits, 0 errors, 1 left on base; Wichita State University 3 - University of Michigan 3
TOP OF THE 9TH
Wichita State University Shockers batting - Pitching for University of Michigan Wolverines : RHP Befikadu Mthuthuzeli
Now in CF: Joe Thomas
Batting: SHB Ed Mosqueda 0-0: Ball
1-0: Called Strike
1-1: Ball
2-1: Ball
3-1: SINGLE (Groundball, 34D, EV 106.2 MPH)
Batting: RHB Alex Rosaly 0-0: Ball
1-0: Sac Bunt to 2L - play at first, batter OUT! 2-4
Ed Mosqueda to second
Batting: RHB Ziven Badersky 0-0: Intentional Walk
Pinch Hitting: RHB Yutaka Yamane 0-0: Ball
1-0: Grounds into double play, 4-6-3 (Groundball, 4S, EV 83.8 MPH)
Top of the 9th over - 0 runs, 1 hit, 0 errors, 1 left on base; Wichita State University 3 - University of Michigan 3
BOTTOM OF THE 9TH
University of Michigan Wolverines batting - Pitching for Wichita State University Shockers : RHP Brandon Isabell
Now in CF: Yutaka Yamane
Pinch Hitting: RHB Alain Marquet 0-0: Foul Ball, location: 2F
0-1: Swinging Strike
0-2: Ball
1-2: Ball
2-2: Ball
3-2: Strikes out swinging
Batting: LHB Ken Morehead 0-0: Ball
1-0: Foul Ball, location: 2F
1-1: Swinging Strike
1-2: Ball
2-2: Ball
3-2: Foul Ball, location: 2F
3-2: Ground out 4-3 (Groundball, 4, EV 78.8 MPH)
Batting: RHB Bryan Payne 0-0: Swinging Strike
0-1: Foul Ball, location: 2F
0-2: Strikes out swinging
Bottom of the 9th over - 0 runs, 0 hits, 0 errors, 0 left on base; Wichita State University 3 - University of Michigan 3
TOP OF THE 10TH
Wichita State University Shockers batting - Pitching for University of Michigan Wolverines : RHP Befikadu Mthuthuzeli
Pitching: RHP Marco Santos
Now at 3B: Alain Marquet
Batting: SHB Nadhir Umayr 0-0: Swinging Strike
0-1: Reached on error, E2 (Groundball, 2L, EV 67.5 MPH)
Batting: RHB Daniel Pena 0-0: Sac Bunt to 15S - play at first, batter OUT! 1-4
Nadhir Umayr to second
Batting: LHB Dong-u Chang 0-0: Intentional Walk
Batting: RHB Israel Quinteros 0-0: Called Strike
0-1: Swinging Strike
0-2: Fly out, F9 (Flyball, 9LD, EV 90.0 MPH)
Runner from 2nd tags up, SAFE at 3rd, no throw by RF
Batting: SHB Isaiah Bias 0-0: Foul Ball, location: 2F
0-1: Foul Ball, location: 2F
0-2: Ball
1-2: Strikes out swinging
Top of the 10th over - 0 runs, 0 hits, 1 error, 2 left on base; Wichita State University 3 - University of Michigan 3
BOTTOM OF THE 10TH
University of Michigan Wolverines batting - Pitching for Wichita State University Shockers : RHP Brandon Isabell
Batting: RHB Bryan Castor 0-0: Called Strike
0-1: Ball
1-1: Foul Ball, location: 2F
1-2: Ball
2-2: Strikes out swinging
Pinch Hitting: LHB Dusty Bryant 0-0: Ball
1-0: Foul Ball, location: 2F
1-1: Foul Ball, location: 2F
1-2: Ball
2-2: Foul Ball, location: 2F
2-2: Fly out, F8 (Flyball, 8LXD, EV 85.0 MPH)
Batting: LHB Dave Carlisle 0-0: Swinging Strike
0-1: Swinging Strike
0-2: Strikes out swinging
Bottom of the 10th over - 0 runs, 0 hits, 0 errors, 0 left on base; Wichita State University 3 - University of Michigan 3
TOP OF THE 11TH
Wichita State University Shockers batting - Pitching for University of Michigan Wolverines : RHP Marco Santos
Now in LF: Bert Grey
Batting: SHB Ed Mosqueda 0-0: Ground out 6-3 (Groundball, 6, EV 105.0 MPH)
Batting: RHB Alex Rosaly 0-0: Ball
1-0: Swinging Strike
1-1: Ball
2-1: Ball
3-1: Ground out 6-3 (Groundball, 6, EV 83.1 MPH)
Batting: RHB Ziven Badersky 0-0: Ball
1-0: SINGLE (Groundball, 6MD, EV 96.9 MPH)
Batting: RHB Yutaka Yamane 0-0: Foul Ball, location: 2F
0-1: Foul Ball, location: 2F
0-2: Strikes out swinging
Top of the 11th over - 0 runs, 1 hit, 0 errors, 1 left on base; Wichita State University 3 - University of Michigan 3
BOTTOM OF THE 11TH
University of Michigan Wolverines batting - Pitching for Wichita State University Shockers : RHP Brandon Isabell
Pitching: LHP Zhao-dao Hsu
Pinch Hitting: RHB Mike Bearden 0-0: Called Strike
0-1: Foul Ball, location: 2F
0-2: Foul Ball, location: 2F
0-2: Ball
1-2: Foul Ball, location: 2F
1-2: Foul Ball, location: 2F
1-2: Strikes out looking
Batting: RHB Ricky Yerzy 0-0: Ball
1-0: Ball
2-0: Ball
3-0: Base on Balls
Batting: RHB Joe Thomas 0-0: Foul Ball, location: 2F
0-1: DOUBLE (Line Drive, 3D, EV 94.4 MPH)
Ricky Yerzy to third
Batting: RHB Alain Marquet 0-0: Intentional Walk
Batting: LHB Ken Morehead 0-0: Called Strike
0-1: Swinging Strike
0-2: Ball
1-2: Ball
2-2: Ball
3-2: Fly out, F8 (Line Drive, 8LS, EV 89.4 MPH)
Runner from 3rd tags up, SCORES, throw by CF
Bottom of the 11th over - 1 run, 1 hit, 0 errors, 0 left on base; Wichita State University 3 - University of Michigan 4
Game Over ... University of Michigan defeats Wichita State University, 4 to 3
Wednesday, June 22nd , 2022 - OOTP Baseball 23.4 Build 64